 Dungeon Sprint DCSS version 0.20.1-1-g8b1a95d (webtiles) character file.

619 Krajca the Basher (level 7, -6/73 HPs)
             Began as a Minotaur Fighter on Aug 13, 2017.
             Asphyxiated
             ... in the Dungeon (Sprint I: "Red Sonja").
             The game lasted 00:03:42 (289 turns).

Krajca the Basher (Minotaur Fighter)                 Turns: 289, Time: 00:03:44

Health: -6/73      AC:  6    Str: 20    XL:     7   Next: 21%
Magic:  6/6        EV:  8    Int:  5    God:
Gold:   170        SH: 14    Dex: 12    Spells: 6/6 levels left

rFire    . . .     SeeInvis .   a - +0 flail
rCold    . . .     Gourm    .   c - +0 shield
rNeg     . . .     Faith    .   b - +0 scale mail
rPois    .         Spirit   .   (helmet restricted)
rElec    .         Reflect  +   (no cloak)
rCorr    .         Harm     .   (no gloves)
MR       .....     NoTele   +   (no boots)
Stlth    ..........             l - +3 amulet of reflection (curse)
Regen    0.3/turn               (no ring)
MPRegen  0.1/turn               (no ring)

@: lethally poisoned (-6 -> -36), slowed, very slow
A: retaliatory headbutt, horns 2
a: no special abilities


You were in the Dungeon.
You were not hungry.

You visited 1 branch You collected 297 gold pieces.
You spent 127 gold pieces at shops.

Inventory:

Hand Weapons
 a - a +0 flail (weapon)
Armour
 b - a +0 scale mail (worn)
 c - a +0 shield (worn)
Jewellery
 l - a cursed +3 amulet of reflection (around neck)
Wands
 m - a wand of enslavement (13/24)
Scrolls
 k - a scroll of blinking
Potions
 d - a potion of might
 h - a potion of haste
 i - 2 potions of magic
 j - a potion of berserk rage
Comestibles
 f - a bread ration


   Skills:
 - Level 10.3 Fighting
 - Level 14.0 Maces & Flails
 - Level 3.6 Armour
 - Level 1.4 Dodging
 + Level 7.5 Shields


You had 6 spell levels left.
You didn't know any spells.

Dungeon Overview and Level Annotations

Branches:
Dungeon (1/1)

Altars:
Cheibriados
Dithmenos
Elyvilon
Fedhas
Gozag
Hepliaklqana
Kikubaaqudgha
Makhleb
Nemelex Xobeh
Okawaru
Qazlal
Ru
Sif Muna
Trog
Uskayaw
Vehumet
Xom
Yredelemnul
Zin
The Shining One
Jiyva
Lugonu

Shops:
D =

Annotations:
D Sonja


Innate Abilities, Weirdness & Mutations

You reflexively headbutt those who attack you in melee.
You have a pair of horns on your head.


Message History

Sonja hits you but does no damage.
You feel a strange sense of stasis.
You miss Sonja. Your headbutt misses Sonja.
Sonja mumbles some strange words.
Sonja blinks!
Sonja unwields an uncursed dagger of distortion.
Its appearance distorts for a moment.
Sonja wields an uncursed blowgun.
Sonja shoots a curare-tipped needle.
The curare-tipped needle hits you.
You are lethally poisoned!
You have difficulty breathing.
* * * LOW HITPOINT WARNING * * *
You feel as though you will be slow longer.
You see here a curare-tipped needle.
As you close the door, it creaks loudly!
* * * LOW HITPOINT WARNING * * *
You feel very sick.
Sonja opens the door.
Sonja shoots a curare-tipped needle.
The curare-tipped needle hits you.
You are more poisoned.
You have difficulty breathing.
You die...

#..').#..').#..'..+
#..#####'#####'#__#
#..####..#...#[####
#..#__####..##.#
#..#_____##'#..+
#⌠⌠#_.∩...'..._#
####_..__##_K#+#
#_____###'# #######
#@# +$.$+ #$.$#
##.## #+#


You could see Sonja.

Vanquished Creatures
  A slime creature (D)
  Sigmund (D)
  A yak (D)
  An ogre (D)
  A jelly (D)
  Ijyb (D)
6 creatures vanquished.

Notes
Turn   | Place    | Note
-------+----------+-------------------------------------------
     0 | D        | Krajca the Minotaur Fighter began the quest for the Orb.
     0 | D        | Reached XP level 1. HP: 19/19 MP: 0/0
     1 | D        | Noticed Ijyb
    11 | D        | Killed Ijyb
    11 | D        | Reached skill level 7 in Maces & Flails
    11 | D        | Reached skill level 1 in Dodging
    11 | D        | Reached XP level 2. HP: 23/26 MP: 1/1
    16 | D        | Noticed an ogre
    19 | D        | Killed an ogre
    19 | D        | Reached skill level 10 in Maces & Flails
    19 | D        | Reached XP level 3. HP: 28/31 MP: 2/2
    19 | D        | Reached XP level 4. HP: 35/39 MP: 3/3
    31 | D        | Noticed Sigmund
    40 | D        | Killed Sigmund
    40 | D        | Reached skill level 14 in Maces & Flails
    40 | D        | Reached XP level 5. HP: 44/45 MP: 4/4
    55 | D        | Found a burning altar of Makhleb.
    55 | D        | Found a viscous altar of Jiyva.
    55 | D        | Found a shimmering altar of Xom.
    55 | D        | Found a corrupted altar of Lugonu.
    55 | D        | Noticed a slime creature
    63 | D        | Killed a slime creature
    63 | D        | Reached XP level 6. HP: 29/66 MP: 5/5
   236 | D        | Found a deep blue altar of Sif Muna.
   238 | D        | Found a radiant altar of Vehumet.
   240 | D        | Reached skill level 10 in Fighting
   262 | D        | Found Joiwader's Jewellery Emporium.
   262 | D        | Found an ancient bone altar of Kikubaaqudgha.
   262 | D        | Found a hazy altar of Hepliaklqana.
   262 | D        | Found a stormy altar of Qazlal.
   262 | D        | Found a hide-covered altar of Uskayaw.
   262 | D        | Found a blossoming altar of Fedhas.
   262 | D        | Found a bloodstained altar of Trog.
   262 | D        | Found an iron altar of Okawaru.
   262 | D        | Found a basalt altar of Yredelemnul.
   262 | D        | Found a glowing golden altar of the Shining One.
   262 | D        | Found a snail-covered altar of Cheibriados.
   262 | D        | Found a sacrificial altar of Ru.
   262 | D        | Found a glowing silver altar of Zin.
   262 | D        | Found a shadowy altar of Dithmenos.
   262 | D        | Found a white marble altar of Elyvilon.
   262 | D        | Noticed a yak
   268 | D        | Killed a yak
   268 | D        | Reached XP level 7. HP: 73/73 MP: 6/6
   269 | D        | Found an opulent altar of Gozag.
   270 | D        | Found a sparkling altar of Nemelex Xobeh.
   274 | D        | Bought a cursed +3 amulet of reflection for 127 gold pieces
   279 | D        | Noticed Sonja
   288 | D        | HP: 3/73 [asphyx]
   289 | D        | HP: 1/73 [poisoned by Sonja (curare-tipped needle)]
   289 | D        | Asphyxiated

Skill      XL: |  1  2  3  4  5  6 |
---------------+-------------------+-----
Maces & Flails | 7 10 14 | 14.0
Dodging        | 1 |  1.4
Fighting       | 9 10 | 10.3
Shields        | 7 |  7.5
Armour         | |  3.6

Action                   |  1- 3 |  4- 6 |  7- 9 || total
-------------------------+-------+-------+-------++-------
Melee: Flail             |    11 |    22 |     3 ||    36
       Headbutt          |     3 |     5 |       ||     8
  Use: Potion            |       |       |     2 ||     2
Armor: Scale mail        |     3 |     1 |     3 ||     7
Dodge: Dodged            |     5 |     4 |     6 ||    15
Block: Shield            |     3 |     3 |    13 ||    19
